 Dungeon Crawl Stone Soup version 0.20.1-1-g8b1a95d (webtiles) character file.

151 Jukra the Skirmisher (level 5, 0/63 HPs)
             Began as a Demonspawn Abyssal Knight on Aug 7, 2017.
             Was a Believer of Lugonu.
             Succumbed to an orc wizard's poison
             ... on level 3 of the Dungeon.
             The game lasted 00:13:07 (2304 turns).

Jukra the Skirmisher (Demonspawn Abyssal Knight)    Turns: 2304, Time: 00:13:08

Health: 0/63       AC: 22    Str: 13    XL:     5   Next: 10%
Magic:  6/6        EV:  2    Int: 13    God:    Lugonu [**....]
Gold:   96         SH:  0    Dex: 13    Spells: 4/4 levels left

rFire    . . .     SeeInvis .   q - staff of death
rCold    . . .     Gourm    .   (no shield)
rNeg     + + +     Faith    +   (armour currently unavailable)
rPois    +         Spirit   .   (helmet currently unavailable)
rElec    .         Reflect  .   (cloak currently unavailable)
rCorr    .         Harm     .   (gloves currently unavailable)
MR       .....     NoTele   +   (boots currently unavailable)
Stlth    +.........             t - amulet of faith
Regen    0.2/turn               f - ring of wizardry
MPRegen  0.1/turn               (no ring)

@: lethally poisoned (0 -> -19), tree-form, berserk cooldown, slowed, very slow
A: powered by death 1, powered by pain 1
a: Depart the Abyss, Bend Space, Renounce Religion


You were on level 3 of the Dungeon.
You worshipped Lugonu.
Lugonu was pleased with you.
You were not hungry.
You were a tree.
You visited 1 branch of the dungeon, and saw 3 of its levels.
You visited the Abyss 1 time.

You collected 96 gold pieces.

Inventory:

Hand Weapons
 a - a +1 mace
 v - a +0 hunting sling
Armour
 b - a +0 leather armour
 e - a +0 ring mail
 m - a +0 hat (melded)
 p - a +1 robe of magic resistance
 w - a +0 chain mail (melded)
Magical Staves
 q - an uncursed staff of death (weapon)
Jewellery
 f - a ring of wizardry (left branch)
 t - an amulet of faith (around neck)
Scrolls
 d - 4 scrolls of remove curse {unknown}
 g - 3 scrolls of amnesia {unknown}
 h - 3 scrolls of identify {unknown}
 j - a scroll of recharging {unknown}
 k - a scroll of teleportation {unknown}
 l - 3 scrolls of blinking {unknown}
Potions
 n - a potion of berserk rage
 o - 2 potions of degeneration {unknown}
 r - a potion of curing {unknown}
 u - a potion of mutation {unknown}
 x - a potion of heal wounds {unknown}
Comestibles
 c - a bread ration
 i - 3 meat rations


   Skills:
 + Level 3.8 Fighting
 + Level 3.4 Maces & Flails
 + Level 2.7 Armour
 + Level 1.2 Dodging
 + Level 0.2 Stealth
 + Level 2.6 Invocations


You had 4 spell levels left.
You didn't know any spells.

Dungeon Overview and Level Annotations

Branches:
Dungeon (3/15)

Altars:
Nemelex Xobeh


Innate Abilities, Weirdness & Mutations

((You have a pair of antennae on your head.))
You regenerate a little health from kills.
You sometimes gain a little power by taking damage.


Message History

There is a lethal amount of poison in your body!
There is a lethal amount of poison in your body!
Wield which item (- for none, * to show all)? (? for menu, Esc to quit)
Okay, then.
You cannot move.
Wield which item (- for none, * to show all)? (? for menu, Esc to quit)
Okay, then.
You feel a strong urge to attack something.
* * * LOW HITPOINT WARNING * * *
You feel sick.
* * * LOW HITPOINT WARNING * * *
You feel sick.
You feel your anger subside.
You are no longer berserk.
You are exhausted.
You feel yourself slow down.
* * * LOW HITPOINT WARNING * * *
You feel sick.
You barely miss the orc wizard.
The orc wizard is lightly wounded.
You die...

...............
.............
#.........# ..
#......)..#
...##########.......#
...#.#.#.#.##.......#
!..........>).......#
..#.#.#.#.#).......#
.......♣..........##
##.#.#.#o#.........#
#......÷÷..........#
###.#.#.#.#.........#
#...................#
#.#.#.#.#.##........###
#..##..#########.......#
+.....†..# #.......#
#######.## #.......#


You could see an orc wizard.

Vanquished Creatures
  Jessica (D:2)
  A hound zombie (D:3)
  5 adders
  An ooze (D:1)
  A dart slug (D:2)
  2 leopard geckos
  3 orcs (D:3)
  7 bats
  2 giant cockroaches
  9 goblins
  9 hobgoblins
  5 kobolds
  A quokka (D:2)
  3 frilled lizards
  5 rats
55 creatures vanquished.

Notes
Turn   | Place    | Note
-------+----------+-------------------------------------------
     0 | Abyss:1  | Jukra the Demonspawn Abyssal Knight began the quest for the Orb.
     0 | Abyss:1  | Reached XP level 1. HP: 18/18 MP: 2/2
    53 | Abyss:1  | Found a stormy altar of Qazlal.
    65 | Abyss:1  | Noticed a large abomination
   107 | Abyss:1  | Noticed a brown very ugly thing
   116 | D:1      | Escaped the Abyss
   423 | D:1      | Gained mutation: You have a pair of small antennae on your head. [demonic ancestry]
   423 | D:1      | Reached XP level 2. HP: 13/24 MP: 3/3
   488 | D:1      | Reached * piety under Lugonu
   776 | D:1      | Reached skill level 1 in Dodging
   836 | D:1      | Gained mutation: You sometimes gain a little power by taking damage. [demonic ancestry]
   836 | D:1      | Reached XP level 3. HP: 17/29 MP: 4/4
  1107 | D:2      | Found a sparkling altar of Nemelex Xobeh.
  1264 | D:2      | Noticed Jessica
  1283 | D:2      | Killed Jessica
  1283 | D:2      | Gained mutation: You have a pair of antennae on your head. [demonic ancestry]
  1283 | D:2      | Reached XP level 4. HP: 20/36 MP: 5/5
  2070 | D:3      | Gained mutation: You regenerate a little health from kills. [demonic ancestry]
  2070 | D:3      | Reached XP level 5. HP: 22/42 MP: 6/6
  2256 | D:3      | Reached ** piety under Lugonu
  2302 | D:3      | HP: 4/94 [poisoned by an orc wizard]
  2304 | D:3      | Succumbed to an orc wizard's poison

Skill      XL: |  1  2  3  4 |
---------------+-------------+-----
Maces & Flails | 2 3 |  3.4
Armour         | 2 |  2.7
Dodging        | 1 |  1.2
Fighting       | |  3.8
Stealth        | |  0.2
Invocations    | |  2.6

Action                   |  1- 3 |  4- 6 || total
-------------------------+-------+-------++-------
Melee: Mace              |    99 |    85 ||   184
       Staff             |       |    49 ||    49
Invok: Depart the Abyss  |     1 |       ||     1
  Use: Potion            |       |     2 ||     2
  Eat: Meat ration       |     1 |       ||     1
Armor: Ring mail         |    53 |     7 ||    60
       Chain mail        |       |   100 ||   100
       Skin              |       |     3 ||     3
Dodge: Dodged            |    73 |    69 ||   142
